 Dungeon Crawl Stone Soup version 0.30-a0-176-gdd20fb75b6 (webtiles) character file.

Game seed: 8548776877578062007

49 qw the Chopper (level 3, 0/23 HPs)
             Began as a Gargoyle Fighter on Oct 1, 2022.
             Slain by an orc priest
             ... wielding a +0 dagger
              (4 damage)
             ... on level 2 of the Dungeon.
             The game lasted 00:00:24 (811 turns).

qw the Chopper (Gargoyle Fighter)                    Turns: 811, Time: 00:00:24

Health: 0/23       AC: 11    Str: 21    XL:     3   Next: 75%
Magic:  3/3        EV: 13    Int:  8    God:
Gold:   114        SH:  4    Dex:  9    Spells: 2/2 levels left

rFire   . . .      SeeInvis .    Y - +0 war axe
rCold   . . .      Faith    .    c - +0 buckler
rNeg    + . .      Spirit   .    b - +0 scale mail
rPois   inf        Reflect  .    (no helmet)
rElec   +          Harm     .    m - +0 cloak
rCorr   .          Rampage  .    (no gloves)
Will    .....                    (no boots)
Stlth   ..........               (no amulet)
HPRegen 0.23/turn                n - +4 ring of evasion
MPRegen 0.08/turn                (no ring)

@: no status effects
A: sickness immunity, AC +3, negative energy resistance 1, electricity
resistance, torment resistance 1, petrification resistance
a: no special abilities


You were on level 2 of the Dungeon.
You visited 1 branch of the dungeon, and saw 2 of its levels.

You collected 114 gold pieces.


Innate Abilities, Weirdness & Mutations

You are immune to sickness and miasma.
Your stone body is resilient. (AC +3)
You are immune to poison.
You resist negative energy. (rN+)
You are resistant to electric shocks. (rElec)
You are resistant to unholy torment.
You are immune to petrification.


   Skills:
 - Level 3.2 Fighting
 + Level 3.6 Axes
 - Level 3.2 Armour
 - Level 3.2 Shields


You had 2 spell levels left.
You didn't know any spells.
Your spell library was empty.

Inventory:

Hand Weapons
 f - a +0 whip
 Y - a +0 war axe (weapon)
Armour
 b - a +0 scale mail (worn)
 c - a +0 buckler (worn)
 m - a +0 cloak (worn)
Jewellery
 n - a +4 ring of evasion (left hand)
Scrolls
 e - a scroll of blinking {unknown}
 g - 3 scrolls of identify
Potions
 a - 2 potions of curing {unknown}
 d - 2 potions of might
 j - a potion of cancellation {unknown}
 q - a potion of degeneration {unknown}

Dungeon Overview and Level Annotations

Branches:
Dungeon (2/15)

Altars:


Message History

You hit the orc but do no damage. The orc closely misses you.
You barely miss the orc. The orc hits you but does no damage.
The orc barely misses you.
You hit the orc.
The orc is lightly wounded.
The orc priest calls down the wrath of Beogh upon you.
Beogh smites you!
Ouch! That really hurt!
The orc hits you with a +0 mace.
You hear a shout!
You barely miss the orc.
The orc is lightly wounded.
The orc closely misses you.
An orc comes into view. It is wielding a +0 whip.
The orc barely misses you.
You barely miss the orc.
The orc is lightly wounded.
The orc barely misses you.
You closely miss the orc.
The orc is lightly wounded.
The orc closely misses you.
You hit the orc but do no damage.
The orc is lightly wounded.
The orc hits you but does no damage. The orc closely misses you.
You hit the orc.
You kill the orc!
You closely miss the orc priest.
The orc priest hits you with a +0 dagger.
You barely miss the orc priest.
The orc priest hits you with a +0 dagger.
The orc priest hits you but does no damage.
You closely miss the orc priest.
The orc priest hits you but does no damage.
You closely miss the orc priest. The orc priest completely misses you.
The orc priest closely misses you.
You hit the orc priest.
The orc priest is lightly wounded.
The orc priest hits you with a +0 dagger.
You die...

..##..##.#.#.#
..##..##.#.#.#########
.................[....
..##...#.#.#.#..#####
.###.....!...#..# .#
#.........#..#
#...#.#.#.#..#
#...#.#.#.#..######
.....#........@oo..#
###...#........####.#
... ##.##.#..# #
#.#..# ...... ##.#..#
.....# ## #$#


You could see an orc priest and an orc.

Vanquished Creatures
  Terence (D:2)
  An orc (D:2)
  3 endoplasms
  A giant cockroach (D:2)
  2 hobgoblins (D:1)
  A kobold (D:1)
  3 quokkas
  4 ball pythons
  3 bats
19 creatures vanquished.

Notes
Turn   | Place    | Note
-------+----------+-------------------------------------------
     0 | D:1      | qw the Gargoyle Fighter began the quest for the Orb.
     0 | D:1      | Reached XP level 1. HP: 14/14 MP: 1/1
     0 | D:1      | 0 ||| qw: Version: 0.2-a-13-gfc7b4b4
     0 | D:1      | 0 ||| qw: Game counter: 1966
     0 | D:1      | 0 ||| qw: Always use a shield: true
     0 | D:1      | 0 ||| qw: God list: Okawaru
     0 | D:1      | 0 ||| qw: Allow faded altars: false
     0 | D:1      | 0 ||| qw: Do Orc after D:15 true
     0 | D:1      | 0 ||| qw: Do second Lair branch before Depths: true
     0 | D:1      | 0 ||| qw: Lair rune preference: random
     0 | D:1      | 0 ||| qw: Plans: Normal, Zot:1-4, God:TSO, Crypt, Tomb,
                  | Pan, Slime:5, Hells, Abyss, Orb
     0 | D:1      | 0 ||| PLANNING D:1-11
    83 | D:1      | Found a faded altar of an unknown god.
   261 | D:1      | Reached XP level 2. HP: 19/19 MP: 2/2
   432 | D:1      | 432 ||| UPGRADING to +0 cloak.
   437 | D:1      | 437 ||| UPGRADING to +4 ring of evasion.
   438 | D:1      | 438 ||| READING scroll labelled CIALAS SOUTUCK.
   439 | D:1      | 439 ||| READING 2 scrolls labelled GUTWAO UNOIGGYO.
   440 | D:1      | 440 ||| READING scroll labelled GAILLO DUPPAU.
   441 | D:1      | 441 ||| READING scroll labelled MASILETRUAZU.
   442 | D:1      | 442 ||| READING scroll labelled ECIAGO QEWEG.
   443 | D:1      | 443 ||| READING scroll labelled DUTAEFR XEYTT.
   448 | D:1      | 448 ||| READING scroll labelled UTIOPN MEUGRU.
   449 | D:1      | 449 ||| DRINKING 3 inky potions.
   553 | D:1      | 553 ||| DROPPING 2 potions of berserk rage.
   635 | D:2      | Noticed Terence
   644 | D:2      | Killed Terence
   645 | D:2      | Reached skill level 3 in Axes
   645 | D:2      | Reached XP level 3. HP: 19/23 MP: 3/3
   801 | D:2      | HP: 5/23 [orc/+0 mace (2)]
   807 | D:2      | HP: 3/23 [orc priest/+0 dagger (4)]
   811 | D:2      | Slain by an orc priest

Levels and vault maps discovered:
D:1:      tarquinn_simple_flora_water_e, layout_rooms,
          nicolae_ecumenical_lake_church
D:2:      layout_basic, dreamdust_wishing_well, minmay_pentomino_t4,
          uniq_terence

Skill      XL: |  1  2 |
---------------+-------+-----
Axes           | 2 3 |  3.6
Fighting       | |  3.2
Armour         | |  3.2
Shields        | |  3.2

Action                   || total
-------------------------++-------
Melee: War axe           ||    67
  Use: Scroll            ||     7
       Potion            ||     1
Armor: Scale mail        ||    26
Dodge: Dodged            ||    34
Block: Buckler           ||    11

Table legend:
 A = Non-vault XP
 B = Vault XP
 C = Vault XP percentage of total XP
 D = Non-vault monster count
 E = Vault monster count
 F = Vault count percentage of total count
                 A         B        C        D         E       F
            +---------+---------+-------+---------+---------+-------
      Total |      34 |      36 |  51.4 |      18 |       1 |   5.3
            +---------+---------+-------+---------+---------+-------
        D:1 |      17 |       0 |   0.0 |      10 |       0 |   0.0
        D:2 |      17 |      36 |  67.9 |       8 |       1 |  11.1
            +---------+---------+-------+---------+---------+-------
